AoeStats
← 小南

Arena

509875433Analyzed
4v4 RM · 3d ago on Sep 28, 2026· 45m 12s· 8 players
Game mode
Random Map
Map size
Large (8 player)
Population
200
Speed
Normal
Resources
Standard
Victory
Conquest
Starting age
Dark Age
Ending age
Imperial Age
RankedLock teamsTeams togetherTeam positionsShared explorationLock speedFull tech treeHidden civsTurbo modeCheats
Victory
Defeat
🇨🇳 Cumans · China
1140
+7
🇨🇳 Romans · China
920
+16
🇨🇳 Byzantines · China
907
+15
🇨🇳 Franks · China
894
+19
🇨🇳 Saracens · China
953
-32
🇭🇰 Spanish · Hong Kong SAR China
927
-14
🇫🇷 Persians · France
897
-13
🇫🇷 Bohemians · France
880
-12
打爆你的金针菇
11:48 Feudal Age
12:42 Double-Bit Axe
17:47 Castle Age
15:39 Horse Collar
16:48 Stone Mining
19:46 Bow Saw
19:54 Man-at-Arms
21:36 Scale Mail Armor
21:49 Forging
21:51 Heavy Plow
24:06 Wheelbarrow
23:16 Loom
27:18 Hand Cart
32:19 Imperial Age
30:58 Fortified Wall
31:44 Iron Casting
31:25 Chain Mail Armor
30:32 Long Swordsman
31:15 Squires
31:16 Gold Mining
33:05 Gold Shaft Mining
34:30 Blast Furnace
34:11 Crop Rotation
35:47 Chemistry
34:12 Legionary
35:49 Fletching
39:34 Comitatenses
40:20 Bodkin Arrow
41:10 Elite Centurion
43:08 Scale Barding Armor
44:35 Chain Barding Armor
44:44 Conscription
46:07 Plate Barding Armor
SAOWEN
9:29 Feudal Age
10:05 Double-Bit Axe
10:12 Horse Collar
17:33 Wheelbarrow
21:42 Castle Age
20:06 Gold Mining
20:34 Bloodlines
20:49 Scale Barding Armor
22:58 Chain Barding Armor
22:49 Forging
23:32 Hand Cart
23:31 Bow Saw
24:21 Heavy Plow
26:12 Gold Shaft Mining
25:27 Stone Mining
25:09 Capped Ram
35:54 Imperial Age
35:04 Steppe Husbandry
35:45 Iron Casting
35:00 Fletching
35:11 Padded Archer Armor
35:18 Thumb Ring
36:33 Ballistics
37:04 Parthian Tactics
37:19 Plate Barding Armor
37:44 Blast Furnace
36:08 Elite Steppe Lancer
38:25 Cuman Mercenaries
38:46 Conscription
37:47 Elite Kipchak
40:59 Crop Rotation
41:33 Two-Man Saw
40:33 Bodkin Arrow
40:54 Leather Archer Armor
40:51 Guilds
41:13 Coinage
45:35 Ring Archer Armor
开心练一下
10:18 Feudal Age
10:44 Double-Bit Axe
11:24 Horse Collar
17:38 Castle Age
15:44 Gold Mining
16:51 Stone Mining
18:57 Bow Saw
19:01 Heavy Plow
19:58 Elite Skirmisher
21:05 Padded Archer Armor
20:55 Fletching
22:27 Leather Archer Armor
30:16 Imperial Age
28:22 Heavy Plow
29:34 Scale Barding Armor
32:05 Crop Rotation
32:38 Two-Man Saw
33:08 Wheelbarrow
34:01 Conscription
34:08 Hand Cart
35:34 Forging
36:04 Gold Shaft Mining
35:42 Pikeman
36:22 Squires
39:12 Elite Varangian Guard
41:24 Elite Cataphract
42:58 Stone Shaft Mining
43:16 Iron Casting
42:42 Scale Mail Armor
43:03 Chain Barding Armor
42:37 Gambesons
43:21 Logistica
Youduo
13:35 Feudal Age
15:24 Double-Bit Axe
16:42 Wheelbarrow
19:25 Castle Age
21:44 Loom
28:47 Hand Cart
28:25 Gold Mining
28:32 Stone Mining
28:54 Bow Saw
31:52 Gold Shaft Mining
36:11 Treadmill Crane
39:06 Imperial Age
37:40 Scale Barding Armor
37:45 Forging
37:41 Husbandry
40:55 Iron Casting
40:40 Chain Barding Armor
39:48 Cavalier
40:33 Chivalry
40:57 Conscription
43:21 Blast Furnace
44:09 Plate Barding Armor
43:27 Town Watch
44:00 Paladin
45:24 Hoardings
夜影
2:09 Loom
12:05 Feudal Age
12:36 Double-Bit Axe
12:40 Horse Collar
19:23 Castle Age
20:38 Bow Saw
20:32 Heavy Plow
21:40 Town Watch
22:36 Wheelbarrow
23:59 Town Patrol
26:30 Hand Cart
31:52 Chemistry
31:03 Masonry
30:49 Murder Holes
31:05 Fortified Wall
31:16 Ballistics
30:46 Guard Tower
31:07 Clinker Construction
31:07 Careening
31:03 Siphons
31:01 Scale Mail Armor
31:11 Forging
31:02 Scale Mail Armor
31:08 Scale Barding Armor
31:04 Padded Archer Armor
30:55 Fletching
30:45 Elite Skirmisher
30:46 Pikeman
31:27 Squires
31:12 Arson
32:34 Chain Mail Armor
37:28 Imperial Age
35:22 Wagenburg Tactics
37:49 Iron Casting
37:09 Bodkin Arrow
37:29 Leather Archer Armor
37:35 Chain Barding Armor
37:53 Houfnice
37:54 Capped Ram
37:55 Heavy Scorpion
40:38 Two-Man Saw
40:12 Plate Mail Armor
40:43 Blast Furnace
40:16 Architecture
39:51 Siege Engineers
40:23 Keep
39:34 Arrowslits
40:09 Bombard Tower
39:24 Sappers
40:15 Conscription
41:05 Incendiaries
Zbar
0:28 Loom
14:32 Feudal Age
16:43 Town Watch
19:58 Castle Age
17:57 Double-Bit Axe
18:00 Horse Collar
18:20 Gold Mining
18:23 Stone Mining
18:47 Gold Mining
23:06 Wheelbarrow
27:58 Kamandaran
28:34 Thumb Ring
27:50 Crossbowman
29:32 Ballistics
29:07 Murder Holes
30:29 Hand Cart
小南
12:06 Feudal Age
14:09 Wheelbarrow
19:26 Scale Mail Armor
19:38 Arson
26:21 Castle Age
27:04 Bloodlines
29:45 Scale Barding Armor
29:43 Scale Mail Armor
31:52 Double-Bit Axe
33:22 Hand Cart
36:20 Elite Skirmisher
John Rambo
5:13 Loom
10:58 Feudal Age
12:59 Double-Bit Axe
12:58 Horse Collar
18:30 Castle Age
18:59 Loom
24:29 Ballistics
26:02 Wheelbarrow
25:12 Town Watch
25:59 Forging
25:54 Scale Barding Armor
27:40 Iron Casting
27:11 Scale Barding Armor
28:08 Scale Barding Armor
Connection lost

Rejoining the realm…

Still unreachable

The connection could not be restored.

Session expired

The server has moved on; the page needs a fresh start.